 Dungeon Crawl Stone Soup version 0.30.0-20-g3615ddf2f0 (webtiles) character file.

Game seed: 5264853699135105308

80938 qw the Severer (level 15, -1/97 HPs)
             Began as a Gargoyle Fighter on June 1, 2023.
             Was an Elder of Okawaru.
             Slain by Jorgrun
             ... wielding a staff of earth
              (10 damage)
             ... on level 14 of the Dungeon.
             The game lasted 00:12:06 (20566 turns).

qw the Severer (Gargoyle Fighter)                  Turns: 20566, Time: 00:12:06

Health: -1/97      AC: 42    Str: 28    XL:     15   Next: 68%
Magic:  3/7        EV: 18    Int: 10    God:    Okawaru [****..]
Gold:   236        SH:  7    Dex: 15    Spells: 14/14 levels left

rFire   + . .        e - +0 broad axe "Gegrot" {antimagic, Int+2}
rCold   . . .        c - +0 buckler
rNeg    + + +        x - +2 chain mail {rF+}
rPois   inf          a - +0 helmet
rElec   +            f - +1 cloak of Starlight {*Dazzle EV+4 Stlth--}
rCorr   .            p - +1 pair of gloves
SInv    .            B - +2 pair of boots of the Servitors {rN+ Dex+6}
Will    +....        z - amulet of faith Stlth
                     n - +4 ring of protection
HPRegen 0.36/turn    w - ring of positive energy
MPRegen 0.10/turn

%: faith
@: about to teleport, heroic, flying
A: sickness immunity, AC +11, big wings, negative energy resistance 1,
electricity resistance, torment resistance 1, petrification resistance
a: Renounce Religion, Heroism, Finesse


You were on level 14 of the Dungeon.
You worshipped Okawaru.
Okawaru was greatly pleased with you.
You visited 3 branches of the dungeon, and saw 20 of its levels.
You visited 1 bazaar.
You also visited: Ossuary.

You collected 1369 gold pieces.
You spent 1133 gold pieces at shops.


Innate Abilities, Weirdness & Mutations

You are immune to sickness and miasma.
Your stone body is resilient. (AC +11)
You are immune to poison.
Your large and strong wings let you fly.
You resist negative energy. (rN+)
You are resistant to electric shocks. (rElec)
You are resistant to unholy torment.
You are immune to petrification.


   Skills:
 - Level 12.7(17.7) Fighting
 - Level 17.0(22.0) Axes
 - Level 5.0(10.0) Throwing
 - Level 12.0(17.0) Armour
 + Level 4.8(9.8) Dodging
 - Level 8.1(13.1) Shields
 - Level 10.0 Invocations


You had 14 spell levels left.
You didn't know any spells.
Your spell library was empty.

Inventory:

Hand Weapons
 e - the +0 broad axe "Gegrot" (weapon) {antimagic, Int+2}
   (You acquired it on level 1 of the Lair of Beasts)

   Int:       It affects your intelligence (+2).
 h - a -1 demon whip of venom
Missiles
 b - 7 javelins (quivered)
Armour
 a - a +0 helmet (worn)
 c - a +0 buckler (worn)
 f - the +1 cloak of Starlight (worn) {*Dazzle EV+4 Stlth--}
   (Okawaru gifted it to you on level 1 of the Lair of Beasts)

   *Dazzle:   It may blind those who miss an attack against the wearer in melee
   combat.
   EV:        It affects your evasion (+4).
   Stlth:     It makes you much less stealthy.
 p - a +1 pair of gloves (worn)
 q - +0 acid dragon scales
 x - a +2 chain mail of fire resistance (worn)
 y - a +0 plate armour
 B - the +2 pair of boots of the Servitors (worn) {rN+ Dex+6}
   (Okawaru gifted it to you on level 5 of the Lair of Beasts)

   Dex:       It affects your dexterity (+6).
   rN:        It protects you from negative energy.
Jewellery
 l - an amulet of reflection
 n - a +4 ring of protection (left hand)
 w - a ring of positive energy (right hand)
 z - an amulet of faith (around neck)
 C - a ring of fire
Wands
 t - a wand of digging (6)
Scrolls
 k - 9 scrolls of identify
 m - 2 scrolls of enchant weapon
 o - 3 scrolls of teleportation
Potions
 d - 6 potions of might
 g - 19 potions of curing
 i - 2 potions of lignification
 j - 3 potions of resistance
 r - a potion of cancellation
 u - 4 potions of mutation
 v - 4 potions of attraction
 A - 4 potions of haste

Dungeon Overview and Level Annotations

Branches:
Dungeon (14/15)            Temple (1/1) D:4            Lair (5/5) D:11
  Swamp (0/4) Lair:3        Snake (0/4) Lair:2        Slime (0/5) Lair:5
    Orc (0/2) D:12         Vaults (0/5) D:13        Ossuary (visited)

Altars:
Ashenzari
Cheibriados
Dithmenos
Elyvilon
Fedhas
Gozag
Hepliaklqana
Kikubaaqudgha
Makhleb
Nemelex Xobeh
Okawaru
Qazlal
Ru
Sif Muna
Trog
Uskayaw
Vehumet
Wu Jian
Xom
Yredelemnul
Zin
The Shining One
Jiyva
Lugonu

Shops:
D:1 (   D:7 (   D:11 [

Portals:
Abyss: Lair:5

Annotations:
D:5 3 runed translucent doors, qw's ghost, amateur GrFi
D:8 2 runed translucent doors, qw's ghost, novice GrFi
D:10 3 runed translucent doors, Icreabex's ghost, journeyman MfSk; qw's ghost, journeyman GrFi
D:14 Jorgrun
Lair:4 1 runed translucent door


Message History

The skeletal warrior completely misses you.
The skeletal warrior hits you from afar with a +0 trident!
The skeletal warrior hits you but does no damage.
You closely miss Jorgrun.
Jorgrun is heavily wounded.
You barely miss the skeletal warrior. You closely miss the skeletal warrior.
Jorgrun hits you but does no damage. The skeletal warrior barely misses you.
The skeletal warrior hits you from afar with a +0 trident.
The skeletal warrior hits you with a +0 hand axe!
You miss Jorgrun.
Jorgrun is heavily wounded.
You slash the skeletal warrior!
You hit the skeletal warrior but do no damage.
Jorgrun misses you.
The skeletal warrior hits you with a +0 vampiric short sword.
You block the skeletal warrior's attack.
The skeletal warrior hits you but does no damage.
You hit Jorgrun.
Jorgrun's magic leaks into the air.
Jorgrun is heavily wounded.
You closely miss the skeletal warrior. You hit the skeletal warrior.
You slice Jorgrun!!
Jorgrun's magic leaks into the air.
Jorgrun is severely wounded.
You closely miss the skeletal warrior.
You hit the skeletal warrior but do no damage.
You feel like a meek peon again. Jorgrun misses you.
The skeletal warrior hits you with a +0 vampiric short sword!
The skeletal warrior completely misses you.
The skeletal warrior hits you with a +0 hand axe!
20565 ||| READING 4 scrolls of teleportation.
As you read the scroll of teleportation, it crumbles to dust.
You feel strangely unstable. Jorgrun barely misses you.
The skeletal warrior hits you with a +0 vampiric short sword.
The skeletal warrior barely misses you.
You block the skeletal warrior's attack.
20566 ||| INVOKING Heroism.
You gain the combat prowess of a mighty hero.
Jorgrun hits you with a staff of earth!
You die...

..# #..# ..# #. #..# ..###
###.############..#
....#####.................#
..........................#
#########.####.##########.#
#.# #z#.#.# #.#
#.####.g#z#######.#
######......z@.........#
........)...............#
############.###.#.######
#. #.#.# # #.# #.# ##


You could see Jorgrun (magic disrupted) and 3 skeletal warriors.

Vanquished Creatures
  Rupert (D:13)
  Nessos (D:13)
  Azrael (D:14)
  An entropy weaver (shapeshifter) (Lair:5)
  2 hydras
  5 centaur warriors
  2 catoblepae
  4 boulder beetles
  4 two-headed ogres
  2 death yaks (Lair:1)
  Urug (D:13)
  A tengu warrior (D:14)
  3 thrashing horrors (Lair:5)
  Sonja (Lair:4)
  Amaemon (Lair:2)
  2 skysharks
  A skeletal warrior (D:14)
  A lindwurm (Lair:5)
  An orc knight (D:10)
  A deep elf pyromancer (D:14)
  A will-o-the-wisp (Lair:3)
  8 ugly things
  3 cyclopes
  10 elephants (Lair:5)
  Joseph (D:7)
  6 black mambas
  3 gargoyles
  9 cane toads
  An orange demon (Lair:2)
  2 torpor snails
  13 komodo dragons
  A rime drake (shapeshifter) (D:14)
  6 rime drakes
  A freezing wraith (D:14)
  3 unseen horrors
  2 ancient zymes (Lair:5)
  2 efreet
  A kobold demonologist (D:11)
  A meliai (D:13)
  2 trolls (D:10)
  2 hornets
  A polar bear (Lair:5)
  3 large abominations (Lair:5)
  26 blink frogs
  Grinder (D:3)
  5 dream sheep (Lair:4)
  4 slime creatures (D:12)
  A culicivora (shapeshifter) (Lair:5)
  Sigmund (D:4)
  3 ynoxinuls (Lair:5)
  A shadow (D:9)
  8 wraiths
  6 wyverns
  2 vampires
  61 yaks
  3 fire elementals (D:14)
  Eustachio (D:6)
  5 basilisks
  16 humans (D:13)
  A steam dragon (D:10)
  Grum (D:8)
  A chaos spawn (Lair:5)
  2 vampire mosquitoes (D:10)
  Menkaure (D:6)
  2 wargs (D:12)
  An acid dragon (D:10)
  2 hell hounds (D:14)
  28 water moccasins
  3 orc warriors
  2 sky beasts (D:8)
  2 black bears
  An ogre (D:5)
  41 wolves
  13 centaurs
  An elf zombie (Ossuary)
  5 kobold brigands
  8 small abominations (Lair:5)
  10 bullfrogs
  4 gnoll sergeants
  2 scorpions
  3 wights (D:6)
  34 killer bees
  5 howler monkeys
  4 jellies
  3 orc priests
  4 hounds
  A human zombie (Ossuary)
  6 iguanas
  12 orc wizards
  A wolf simulacrum (Lair:2)
  2 mummies (Ossuary)
  11 gnolls
  9 adders
  2 ufetubi
  2 adder zombies (Ossuary)
  4 worms
  2 dart slugs (D:3)
  28 orcs
  5 ball pythons
  2 bats
  5 endoplasms
  2 giant cockroaches
  7 goblins
  7 hobgoblins
  4 quokkas
  A frilled lizard (D:1)
  2 goblin zombies (Ossuary)
  8 hobgoblin zombies (Ossuary)
  2 jackal zombies (Ossuary)
  13 kobolds
  13 kobold zombies (Ossuary)
  6 orc zombies (Ossuary)
  6 rats
  2 rat zombies (Ossuary)
611 creatures vanquished.

Vanquished Creatures (others)
  An unseen horror (D:12)
1 creature vanquished.

Grand Total: 612 creatures vanquished

Notes
Turn   | Place    | Note
-------+----------+-------------------------------------------
     0 | D:1      | qw the Gargoyle Fighter began the quest for the Orb.
     0 | D:1      | Reached XP level 1. HP: 14/14 MP: 1/1
     0 | D:1      | 0 ||| qw: Version: 0.2-a-102-gdf20003
     0 | D:1      | 0 ||| qw: Game counter: 729
     0 | D:1      | 0 ||| qw: Always use a shield: true
     0 | D:1      | 0 ||| qw: God list: Okawaru
     0 | D:1      | 0 ||| qw: Allow faded altars: false
     0 | D:1      | 0 ||| qw: Do Orc after D:15 true
     0 | D:1      | 0 ||| qw: Do second Lair branch before Depths: true
     0 | D:1      | 0 ||| qw: Lair rune preference: random
     0 | D:1      | 0 ||| qw: Plans: Normal, Zot:1-4, Slime:5, God:TSO, Crypt,
                  | Tomb, Pan, Hells, Abyss, Win
     0 | D:1      | 0 ||| PLANNING D:1-11
    59 | D:1      | Reached skill level 2 in Axes
   187 | D:1      | Reached XP level 2. HP: 19/19 MP: 2/2
   237 | D:1      | Found a faded altar of an unknown god.
   389 | D:1      | Found Qit Zes's Weapon Boutique.
   397 | D:1      | 397 ||| BUYING +0 mace (30 gold).
   397 | D:1      | Bought a +0 mace for 30 gold pieces
   707 | D:1      | 707 ||| UPGRADING to +2 cloak.
   712 | D:1      | 712 ||| UPGRADING to +0 scale mail of cold resistance.
   722 | D:1      | 722 ||| DROPPING +0 scale mail.
   723 | D:1      | 723 ||| READING scroll labelled ESOQYX LOYJ.
   812 | D:2      | Reached skill level 3 in Axes
   812 | D:2      | Reached XP level 3. HP: 9/23 MP: 3/3
  1437 | D:2      | Reached XP level 4. HP: 28/28 MP: 4/4
  1618 | D:2      | 1618 ||| UPGRADING to +0 helmet.
  1623 | D:2      | 1623 ||| UPGRADING to +0 chain mail.
  1633 | D:2      | 1633 ||| DROPPING +1 cloak.
  1634 | D:2      | 1634 ||| UPGRADING to +0 pair of gloves.
  1639 | D:2      | 1639 ||| UPGRADING to +4 ring of protection.
  1640 | D:2      | 1640 ||| READING scroll labelled MAYLYAS XOVAEF.
  1641 | D:2      | 1641 ||| READING 2 scrolls labelled FEME JIYZYPN.
  1642 | D:2      | 1642 ||| READING 2 scrolls labelled XAFOFE WAOCVA.
  1647 | D:2      | 1647 ||| DRINKING 2 sedimented cyan potions.
  1648 | D:2      | 1648 ||| DROPPING potion of degeneration.
  2090 | D:3      | Reached skill level 4 in Axes
  2207 | D:3      | Noticed Grinder
  2214 | D:3      | Paralysed by Grinder for 5 turns
  2227 | D:3      | Killed Grinder
  2228 | D:3      | Reached skill level 5 in Axes
  2228 | D:3      | Reached XP level 5. HP: 19/32 MP: 5/5
  2228 | D:3      | Reached XP level 6. HP: 22/37 MP: 6/6
  2384 | D:3      | 2384 ||| UPGRADING to +0 pair of boots.
  2389 | D:3      | 2389 ||| DROPPING +6 ring of intelligence.
  2390 | D:3      | 2390 ||| READING scroll labelled ZESHAE HYSS.
  2391 | D:3      | 2391 ||| READING scroll labelled YNIOSCHYWERPH.
  2392 | D:3      | 2392 ||| READING scroll labelled COIKHE QIYSO.
  2393 | D:3      | 2393 ||| DRINKING 2 bubbling silvery potions.
  2436 | D:3      | 2436 ||| READING 2 scrolls of identify.
  2436 | D:3      | 2436 ||| IDENTIFYING dark potion
  2437 | D:3      | 2437 ||| DROPPING potion of berserk rage.
  2454 | D:4      | Noticed Sigmund
  2455 | D:4      | 2455 ||| Stepping ~*~*~tactically~*~*~ (hiding).
  2456 | D:4      | 2456 ||| Stepping ~*~*~tactically~*~*~ (hiding).
  2468 | D:4      | Killed Sigmund
  2493 | D:4      | 2493 ||| Stepping ~*~*~tactically~*~*~ (hiding).
  2674 | D:4      | Reached XP level 7. HP: 43/44 MP: 7/7
  2724 | D:4      | Reached skill level 6 in Axes
  2740 | D:4      | 2740 ||| SWAPPING to +1 heavy war axe.
  2741 | D:4      | 2741 ||| DROPPING +1 war axe.
  2827 | D:4      | Reached skill level 1 in Dodging
  2832 | D:4      | 2832 ||| Stepping ~*~*~tactically~*~*~ (stealth).
  2919 | D:4      | 2919 ||| DROPPING +0 mace.
  3007 | D:4      | Found a staircase to the Ecumenical Temple.
  3008 | D:4      | 3008 ||| PLANNING TEMPLE
  3038 | Temple   | Entered the Ecumenical Temple
  3107 | Temple   | 3107 ||| PLANNING OKAWARU WORSHIP
  3168 | Temple   | Became a worshipper of Warmaster Okawaru
  3168 | Temple   | 3168 ||| PLANNING D:1-11
  3235 | D:4      | Identified the +1 robe of Pessimism {+Blink Str+3}
  3371 | D:4      | 3371 ||| DRINKING 2 black potions.
  3374 | D:4      | 3374 ||| READING 2 scrolls of identify.
  3374 | D:4      | 3374 ||| IDENTIFYING green potion
  3375 | D:4      | 3375 ||| DROPPING potion of ambrosia.
  3384 | D:5      | Entered Level 5 of the Dungeon
  3398 | D:5      | 3398 ||| FLEEEEING.
  3399 | D:5      | 3399 ||| STAIRDANCE
  3429 | D:5      | Found a sacrificial altar of Ru.
  3450 | D:5      | 3450 ||| Stepping ~*~*~tactically~*~*~ (hiding).
  3457 | D:5      | 3457 ||| Stepping ~*~*~tactically~*~*~ (stealth).
  3480 | D:5      | Found a hazy altar of Hepliaklqana.
  3683 | D:5      | 3683 ||| Stepping ~*~*~tactically~*~*~ (stealth).
  3727 | D:5      | 3727 ||| Stepping ~*~*~tactically~*~*~ (stealth).
  3729 | D:5      | 3729 ||| Stepping ~*~*~tactically~*~*~ (stealth).
  3731 | D:5      | 3731 ||| Stepping ~*~*~tactically~*~*~ (stealth).
  3747 | D:5      | Reached skill level 7 in Axes
  3747 | D:5      | Reached XP level 8. HP: 40/48 MP: 8/8
  3756 | D:5      | 3756 ||| DRINKING potion of curing.
  3756 | D:5      | 3756 ||| (to cure confusion)
  3797 | D:5      | Found a runed translucent gate.
  3797 | D:5      | Identified the +6 dagger of the Bespelling Spider {pain,
                  | rPois Stlth+}
  3797 | D:5      | Noticed qw's ghost (amateur GrFi)
  3798 | D:5      | Found a runed translucent gate.
  3800 | D:5      | Found a runed translucent gate.
  3956 | D:5      | 3956 ||| UPGRADING to amulet of the acrobat.
  3961 | D:5      | 3961 ||| READING scroll labelled IGARAF ROQU.
  3962 | D:5      | 3962 ||| READING scroll labelled GUIPIS HIATZE.
  3963 | D:5      | 3963 ||| READING 2 scrolls of identify.
  3963 | D:5      | 3963 ||| IDENTIFYING fizzy yellow potion
  3964 | D:5      | 3964 ||| DROPPING potion of brilliance.
  4059 | D:6      | 4059 ||| Stepping ~*~*~tactically~*~*~ (hiding).
  4099 | D:6      | 4099 ||| Stepping ~*~*~tactically~*~*~ (hiding).
  4104 | D:6      | Noticed Eustachio
  4108 | D:6      | Noticed Menkaure
  4111 | D:6      | Killed Menkaure
  4111 | D:6      | Reached * piety under Okawaru
  4112 | D:6      | Reached skill level 8 in Axes
  4112 | D:6      | 4112 ||| INVOKING Heroism.
  4117 | D:6      | Killed Eustachio
  4118 | D:6      | Reached skill level 6 in Fighting
  4127 | D:6      | 4127 ||| INVOKING Heroism.
  4137 | D:6      | 4137 ||| INVOKING Heroism.
  4144 | D:6      | Reached skill level 1 in Invocations
  4144 | D:6      | Reached XP level 9. HP: 38/56 MP: 5/9
  4561 | D:6      | Found a hide-covered altar of Uskayaw.
  4769 | D:6      | 4769 ||| READING scroll labelled KIHUOL MOCIU.
  4770 | D:6      | 4770 ||| READING scroll labelled QEF FI NIWKEFY.
  4786 | D:7      | 4786 ||| PLANNING OSSUARY
  4790 | D:7      | Found a sand-covered staircase.
  4795 | D:7      | Noticed Joseph
  4796 | D:7      | 4796 ||| Stepping ~*~*~tactically~*~*~ (hiding).
  4806 | D:7      | Killed Joseph
  4807 | D:7      | Reached skill level 3 in Invocations
  4838 | Ossuary  | Entered an ossuary
  4991 | Ossuary  | 4991 ||| FLEEEEING.
  4992 | Ossuary  | 4992 ||| FLEEEEING.
  4993 | Ossuary  | 4993 ||| FLEEEEING.
  4996 | Ossuary  | 4996 ||| FLEEEEING.
  4997 | Ossuary  | 4997 ||| FLEEEEING.
  5019 | Ossuary  | 5019 ||| INVOKING Heroism.
  5170 | Ossuary  | 5170 ||| DRINKING 2 metallic emerald potions.
  5171 | Ossuary  | 5171 ||| READING 3 scrolls of identify.
  5171 | Ossuary  | 5171 ||| IDENTIFYING sapphire potion
  5172 | Ossuary  | 5172 ||| READING 2 scrolls of identify.
  5172 | Ossuary  | 5172 ||| IDENTIFYING bubbling blue potion
  5185 | D:7      | 5185 ||| PLANNING D:1-11
  5192 | D:7      | Identified the +1 ring mail of the Prince of Darkness
                  | {-Cast Harm Rampage rElec}
  5213 | D:7      | Identified the staff of death "Javaecha" {*Slow rN+ Will+
                  | Dex+5}
  5215 | D:7      | 5215 ||| INVOKING Heroism.
  5284 | D:7      | 5284 ||| INVOKING Heroism.
  5420 | D:7      | Found Niokiac's Antique Weapon Emporium.
  5434 | D:7      | Reached skill level 9 in Axes
  5755 | D:7      | 5755 ||| Stepping ~*~*~tactically~*~*~ (hiding).
  5761 | D:7      | 5761 ||| Stepping ~*~*~tactically~*~*~ (hiding).
  6236 | D:7      | 6236 ||| DROPPING +1 ring mail of the Prince of Darkness
                  | {-Cast Harm Rampage rElec}.
  6301 | D:8      | 6301 ||| STAIRDANCE
  6355 | D:8      | Found a sparkling altar of Nemelex Xobeh.
  6382 | D:8      | 6382 ||| Stepping ~*~*~tactically~*~*~ (stealth).
  6388 | D:8      | 6388 ||| INVOKING Heroism.
  6396 | D:8      | Reached skill level 6 in Armour
  6460 | D:8      | Noticed a two-headed ogre
  6461 | D:8      | 6461 ||| INVOKING Heroism.
  6465 | D:8      | 6465 ||| Stepping ~*~*~tactically~*~*~ (stealth).
  6470 | D:8      | Killed a two-headed ogre
  6470 | D:8      | Reached ** piety under Okawaru
  6471 | D:8      | Reached skill level 10 in Axes
  6471 | D:8      | Reached XP level 10. HP: 46/63 MP: 11/13
  6627 | D:8      | 6627 ||| INVOKING Heroism.
  6773 | D:8      | Found a shimmering blue altar of Sif Muna.
  6773 | D:8      | Found a burning altar of Makhleb.
  6845 | D:8      | Found a large runed translucent door.
  6846 | D:8      | Found a large runed translucent door.
  6849 | D:8      | Noticed qw's ghost (novice GrFi)
  6996 | D:8      | 6996 ||| Stepping ~*~*~tactically~*~*~ (stealth).
  7030 | D:8      | Noticed Grum
  7031 | D:8      | 7031 ||| INVOKING Heroism.
  7039 | D:8      | Killed Grum
  7355 | D:8      | 7355 ||| UPGRADING to amulet of reflection.
  7365 | D:8      | 7365 ||| DROPPING amulet of the acrobat.
  7366 | D:8      | 7366 ||| READING 4 scrolls of identify.
  7366 | D:8      | 7366 ||| IDENTIFYING purple potion
  7367 | D:8      | 7367 ||| READING 3 scrolls of identify.
  7367 | D:8      | 7367 ||| IDENTIFYING puce potion
  7585 | D:9      | Reached *** piety under Okawaru
  7675 | D:9      | 7675 ||| Stepping ~*~*~tactically~*~*~ (hiding).
  7784 | D:9      | Noticed a purple ugly thing
  7795 | D:9      | Killed a purple ugly thing
  7796 | D:9      | Reached skill level 11 in Axes
  7807 | D:9      | Noticed a two-headed ogre
  7808 | D:9      | 7808 ||| INVOKING Heroism.
  7811 | D:9      | Killed a two-headed ogre
  7842 | D:9      | Reached XP level 11. HP: 62/68 MP: 14/14
  7847 | D:9      | 7847 ||| Stepping ~*~*~tactically~*~*~ (stealth).
  8066 | D:9      | Found a snail-covered altar of Cheibriados.
  8159 | D:9      | 8159 ||| UPGRADING to ring of positive energy.
  8160 | D:9      | 8160 ||| READING 2 scrolls labelled NURRASOOR.
  8161 | D:9      | 8161 ||| READING scroll of brand weapon.
  8161 | D:9      | 8161 ||| BRANDING +1 war axe of venom.
  8162 | D:9      | 8162 ||| READING scroll labelled DANUTU ICEKUUT.
  8163 | D:9      | 8163 ||| READING scroll labelled ICZOC LUEFOEDI.
  8193 | D:10     | Entered Level 10 of the Dungeon
  8204 | D:10     | Reached skill level 9 in Fighting
  8206 | D:10     | 8206 ||| Stepping ~*~*~tactically~*~*~ (stealth).
  8207 | D:10     | 8207 ||| INVOKING Heroism.
  8373 | D:10     | 8373 ||| INVOKING Heroism.
  8391 | D:10     | Found a runed translucent gate.
  8391 | D:10     | Found a runed translucent gate.
  8391 | D:10     | Found a runed translucent gate.
  8392 | D:10     | Noticed qw's ghost (journeyman GrFi)
  8392 | D:10     | Noticed qw's ghost (journeyman GrFi)
  8394 | D:10     | Noticed Icreabex's ghost (journeyman MfSk)
  8504 | D:10     | 8504 ||| Stepping ~*~*~tactically~*~*~ (stealth).
  8506 | D:10     | 8506 ||| Stepping ~*~*~tactically~*~*~ (stealth).
  8508 | D:10     | 8508 ||| Stepping ~*~*~tactically~*~*~ (hiding).
  8509 | D:10     | 8509 ||| Stepping ~*~*~tactically~*~*~ (hiding).
  8595 | D:10     | 8595 ||| INVOKING Heroism.
  8608 | D:10     | Reached **** piety under Okawaru
  8661 | D:10     | 8661 ||| Stepping ~*~*~tactically~*~*~ (stealth).
  8712 | D:10     | 8712 ||| DROPPING +0 flail.
  8737 | D:10     | Noticed an orc knight
  8738 | D:10     | 8738 ||| Stepping ~*~*~tactically~*~*~ (hiding).
  8743 | D:10     | 8743 ||| INVOKING Heroism.
  8748 | D:10     | Killed an orc knight
  8749 | D:10     | Reached skill level 1 in Throwing
  8765 | D:10     | Noticed a cyclops
  8766 | D:10     | Reached skill level 12 in Axes
  8766 | D:10     | Noticed a two-headed ogre
  8766 | D:10     | Noticed a cyclops
  8772 | D:10     | 8772 ||| INVOKING Heroism.
  8773 | D:10     | Killed a cyclops
  8779 | D:10     | Killed a cyclops
  8781 | D:10     | Reached ***** piety under Okawaru
  8782 | D:10     | Reached skill level 6 in Invocations
  8786 | D:10     | 8786 ||| INVOKING Heroism.
  8787 | D:10     | Killed a two-headed ogre
  8788 | D:10     | Reached skill level 6 in Shields
  9195 | D:10     | Reached XP level 12. HP: 76/76 MP: 17/17
  9371 | D:10     | 9371 ||| DROPPING +0 scale mail of cold resistance.
  9372 | D:10     | 9372 ||| UPGRADING to +0 plate armour.
  9382 | D:10     | 9382 ||| DROPPING +0 chain mail.
  9383 | D:10     | 9383 ||| READING 5 scrolls of identify.
  9383 | D:10     | 9383 ||| IDENTIFYING grey potion
  9384 | D:10     | 9384 ||| READING 4 scrolls of identify.
  9384 | D:10     | 9384 ||| IDENTIFYING lumpy golden potion
  9385 | D:10     | 9385 ||| DROPPING potion of invisibility.
  9563 | D:11     | 9563 ||| Stepping ~*~*~tactically~*~*~ (hiding).
  9832 | D:11     | Found a staircase to the Lair.
  9836 | D:11     | Reached skill level 9 in Armour
  9877 | D:11     | Noticed a boulder beetle
  9878 | D:11     | 9878 ||| INVOKING Heroism.
  9879 | D:11     | 9879 ||| INVOKING Finesse.
  9887 | D:11     | Killed a boulder beetle
  9926 | D:11     | 9926 ||| READING scroll of enchant armour.
  9926 | D:11     | 9926 ||| ENCHANTING +0 pair of gloves.
 10041 | D:11     | 10041 ||| Stepping ~*~*~tactically~*~*~ (stealth).
 10182 | D:11     | Found Toano's Armour Shoppe.
 10309 | D:11     | 10309 ||| PLANNING LAIR
 10332 | Lair:1   | Entered Level 1 of the Lair of Beasts
 10356 | Lair:1   | Received a gift from Okawaru
 10356 | Lair:1   | Found the +1 cloak of Starlight {*Dazzle EV+4 Stlth--}
 10411 | Lair:1   | Reached skill level 9 in Invocations
 10438 | Lair:1   | 10438 ||| Stepping ~*~*~tactically~*~*~ (stealth).
 10439 | Lair:1   | 10439 ||| Stepping ~*~*~tactically~*~*~ (stealth).
 10440 | Lair:1   | 10440 ||| Stepping ~*~*~tactically~*~*~ (stealth).
 10483 | Lair:1   | 10483 ||| INVOKING Heroism.
 10508 | Lair:1   | Noticed a death yak
 10509 | Lair:1   | 10509 ||| INVOKING Finesse.
 10510 | Lair:1   | 10510 ||| INVOKING Finesse.
 10511 | Lair:1   | 10511 ||| INVOKING Heroism.
 10511 | Lair:1   | Noticed a death yak
 10511 | Lair:1   | HP: 9/77 [death yak[a torpor snail] (19)]
 10512 | Lair:1   | 10512 ||| READING 3 scrolls of teleportation.
 10513 | Lair:1   | 10513 ||| DRINKING 2 potions of heal wounds.
 10516 | Lair:1   | Killed a death yak
 10545 | Lair:1   | 10545 ||| INVOKING Heroism.
 10547 | Lair:1   | 10547 ||| Stepping ~*~*~tactically~*~*~ (hiding).
 10548 | Lair:1   | 10548 ||| Stepping ~*~*~tactically~*~*~ (hiding).
 10835 | Lair:1   | Reached skill level 13 in Axes
 10924 | Lair:1   | 10924 ||| INVOKING Heroism.
 11048 | Lair:1   | 11048 ||| Stepping ~*~*~tactically~*~*~ (stealth).
 11111 | Lair:1   | 11111 ||| Stepping ~*~*~tactically~*~*~ (stealth).
 11114 | Lair:1   | 11114 ||| Stepping ~*~*~tactically~*~*~ (stealth).
 11118 | Lair:1   | 11118 ||| INVOKING Heroism.
 11121 | Lair:1   | Reached XP level 13. HP: 82/82 MP: 17/20
 11121 | Lair:1   | 11121 ||| INVOKING Finesse.
 11223 | Lair:1   | 11223 ||| INVOKING Heroism.
 11314 | Lair:1   | 11314 ||| Stepping ~*~*~tactically~*~*~ (stealth).
 11474 | Lair:1   | Found the +8 whip "Snakebite" {venom, curare, rPois}
 11581 | Lair:1   | 11581 ||| UPGRADING to +1 cloak of Starlight {*Dazzle EV+4
                  | Stlth--}.
 11591 | Lair:1   | 11591 ||| DROPPING +2 cloak.
 11592 | Lair:1   | 11592 ||| READING scroll labelled PELARU VIDUI.
 11592 | Lair:1   | Identified a scroll of acquirement
 11592 | Lair:1   | 11592 ||| ACQUIRING +0 broad axe "Gegrot" {antimagic,
                  | Int+2}
 11592 | Lair:1   | Acquired the +0 broad axe "Gegrot" {antimagic, Int+2}
 11594 | Lair:1   | 11594 ||| SWAPPING to +0 broad axe "Gegrot" {antimagic,
                  | Int+2}.
 11595 | Lair:1   | 11595 ||| DROPPING +1 heavy war axe.
 11596 | Lair:1   | 11596 ||| READING 4 scrolls of identify.
 11596 | Lair:1   | 11596 ||| IDENTIFYING fizzy dark potion
 11597 | Lair:1   | 11597 ||| DROPPING potion of flight.
 11624 | Lair:2   | Noticed Amaemon
 11625 | Lair:2   | 11625 ||| Stepping ~*~*~tactically~*~*~ (hiding).
 11626 | Lair:2   | 11626 ||| Stepping ~*~*~tactically~*~*~ (hiding).
 11627 | Lair:2   | 11627 ||| INVOKING Heroism.
 11640 | Lair:2   | Killed Amaemon
 11655 | Lair:2   | 11655 ||| DROPPING +0 morningstar.
 11716 | Lair:2   | 11716 ||| Stepping ~*~*~tactically~*~*~ (stealth).
 11778 | Lair:2   | Found a staircase to the Snake Pit.
 11781 | Lair:2   | 11781 ||| Stepping ~*~*~tactically~*~*~ (stealth).
 11783 | Lair:2   | 11783 ||| Stepping ~*~*~tactically~*~*~ (stealth).
 11785 | Lair:2   | 11785 ||| INVOKING Heroism.
 11811 | Lair:2   | Reached skill level 14 in Axes
 11842 | Lair:2   | 11842 ||| Stepping ~*~*~tactically~*~*~ (stealth).
 11920 | Lair:2   | 11920 ||| Stepping ~*~*~tactically~*~*~ (stealth).
 12003 | Lair:2   | 12003 ||| INVOKING Heroism.
 12063 | Lair:2   | Found a frozen archway.
 12120 | Lair:2   | 12120 ||| Stepping ~*~*~tactically~*~*~ (stealth).
 12384 | Lair:2   | 12384 ||| Stepping ~*~*~tactically~*~*~ (hiding).
 12385 | Lair:2   | 12385 ||| Stepping ~*~*~tactically~*~*~ (hiding).
 12568 | Lair:3   | Found a staircase to the Swamp.
 12569 | Lair:3   | 12569 ||| INVOKING Heroism.
 12609 | Lair:3   | 12609 ||| INVOKING Heroism.
 12654 | Lair:3   | 12654 ||| INVOKING Heroism.
 12677 | Lair:3   | 12677 ||| Stepping ~*~*~tactically~*~*~ (stealth).
 12690 | Lair:3   | 12690 ||| INVOKING Heroism.
 12929 | Lair:3   | 12929 ||| INVOKING Heroism.
 12932 | Lair:3   | Received a gift from Okawaru
 13187 | Lair:3   | 13187 ||| INVOKING Heroism.
 13234 | Lair:3   | 13234 ||| Stepping ~*~*~tactically~*~*~ (stealth).
 13235 | Lair:3   | 13235 ||| Stepping ~*~*~tactically~*~*~ (stealth).
 13246 | Lair:3   | 13246 ||| INVOKING Heroism.
 13671 | Lair:4   | 13671 ||| Stepping ~*~*~tactically~*~*~ (stealth).
 13672 | Lair:4   | 13672 ||| Stepping ~*~*~tactically~*~*~ (stealth).
 13882 | Lair:4   | Gained mutation: Your large and strong wings let you fly.
                  | [Gargoyle growth]
 13882 | Lair:4   | Reached XP level 14. HP: 90/90 MP: 7/21
 13883 | Lair:4   | Received a gift from Okawaru
 13905 | Lair:4   | 13905 ||| Stepping ~*~*~tactically~*~*~ (hiding).
 14111 | Lair:4   | 14111 ||| INVOKING Heroism.
 14112 | Lair:4   | 14112 ||| INVOKING Finesse.
 14127 | Lair:4   | Reached skill level 15 in Axes
 14238 | Lair:4   | Noticed Sonja
 14239 | Lair:4   | 14239 ||| INVOKING Finesse.
 14243 | Lair:4   | 14243 ||| Stepping ~*~*~tactically~*~*~ (hiding).
 14245 | Lair:4   | 14245 ||| Stepping ~*~*~tactically~*~*~ (hiding).
 14253 | Lair:4   | Killed Sonja
 14368 | Lair:4   | Identified the +9 whip of Ignis {heavy, rElec rC- Dex+4}
 14435 | Lair:4   | Found a runed translucent door.
 14594 | Lair:5   | Entered Level 5 of the Lair of Beasts
 14599 | Lair:5   | 14599 ||| Stepping ~*~*~tactically~*~*~ (stealth).
 14603 | Lair:5   | 14603 ||| Stepping ~*~*~tactically~*~*~ (stealth).
 14664 | Lair:5   | 14664 ||| Stepping ~*~*~tactically~*~*~ (stealth).
 14666 | Lair:5   | 14666 ||| Stepping ~*~*~tactically~*~*~ (hiding).
 14667 | Lair:5   | 14667 ||| Stepping ~*~*~tactically~*~*~ (hiding).
 14683 | Lair:5   | 14683 ||| INVOKING Heroism.
 14684 | Lair:5   | 14684 ||| SWAPPING to -1 demon whip of venom.
 14685 | Lair:5   | 14685 ||| INVOKING Finesse.
 14689 | Lair:5   | Reached skill level 12 in Fighting
 14689 | Lair:5   | 14689 ||| SWAPPING to +0 broad axe "Gegrot" {antimagic,
                  | Int+2}.
 14847 | Lair:5   | 14847 ||| Stepping ~*~*~tactically~*~*~ (stealth).
 14853 | Lair:5   | 14853 ||| Stepping ~*~*~tactically~*~*~ (hiding).
 14915 | Lair:5   | 14915 ||| Stepping ~*~*~tactically~*~*~ (stealth).
 14978 | Lair:5   | 14978 ||| Stepping ~*~*~tactically~*~*~ (stealth).
 15017 | Lair:5   | 15017 ||| Stepping ~*~*~tactically~*~*~ (stealth).
 15018 | Lair:5   | 15018 ||| Stepping ~*~*~tactically~*~*~ (stealth).
 15019 | Lair:5   | 15019 ||| Stepping ~*~*~tactically~*~*~ (stealth).
 15020 | Lair:5   | 15020 ||| Stepping ~*~*~tactically~*~*~ (stealth).
 15021 | Lair:5   | 15021 ||| Stepping ~*~*~tactically~*~*~ (stealth).
 15026 | Lair:5   | 15026 ||| Stepping ~*~*~tactically~*~*~ (stealth).
 15027 | Lair:5   | 15027 ||| Stepping ~*~*~tactically~*~*~ (stealth).
 15046 | Lair:5   | Reached skill level 12 in Armour
 15055 | Lair:5   | 15055 ||| Stepping ~*~*~tactically~*~*~ (stealth).
 15079 | Lair:5   | 15079 ||| Stepping ~*~*~tactically~*~*~ (stealth).
 15135 | Lair:5   | 15135 ||| Stepping ~*~*~tactically~*~*~ (stealth).
 15178 | Lair:5   | 15178 ||| Stepping ~*~*~tactically~*~*~ (stealth).
 15179 | Lair:5   | 15179 ||| Stepping ~*~*~tactically~*~*~ (stealth).
 15227 | Lair:5   | Found a viscous altar of Jiyva.
 15228 | Lair:5   | Found a staircase to the Slime Pits.
 15375 | Lair:5   | 15375 ||| Stepping ~*~*~tactically~*~*~ (hiding).
 15376 | Lair:5   | 15376 ||| Stepping ~*~*~tactically~*~*~ (hiding).
 15390 | Lair:5   | 15390 ||| INVOKING Heroism.
 15519 | Lair:5   | 15519 ||| Stepping ~*~*~tactically~*~*~ (stealth).
 15522 | Lair:5   | 15522 ||| Stepping ~*~*~tactically~*~*~ (stealth).
 15540 | Lair:5   | 15540 ||| INVOKING Heroism.
 15573 | Lair:5   | 15573 ||| Stepping ~*~*~tactically~*~*~ (stealth).
 15583 | Lair:5   | 15583 ||| INVOKING Heroism.
 15734 | Lair:5   | 15734 ||| Stepping ~*~*~tactically~*~*~ (stealth).
 15764 | Lair:5   | 15764 ||| Stepping ~*~*~tactically~*~*~ (stealth).
 15815 | Lair:5   | 15815 ||| INVOKING Heroism.
 15816 | Lair:5   | 15816 ||| INVOKING Finesse.
 15956 | Lair:5   | 15956 ||| INVOKING Heroism.
 15981 | Lair:5   | 15981 ||| Stepping ~*~*~tactically~*~*~ (stealth).
 15982 | Lair:5   | 15982 ||| Stepping ~*~*~tactically~*~*~ (stealth).
 15983 | Lair:5   | 15983 ||| Stepping ~*~*~tactically~*~*~ (stealth).
 16022 | Lair:5   | Identified the +0 scimitar of the Messenger {heavy, +Blink}
 16082 | Lair:5   | Identified the +0 chain mail "Vamefobono" {rPois Str+5}
 16083 | Lair:5   | 16083 ||| INVOKING Finesse.
 16100 | Lair:5   | 16100 ||| INVOKING Heroism.
 16211 | Lair:5   | 16211 ||| Stepping ~*~*~tactically~*~*~ (hiding).
 16223 | Lair:5   | 16223 ||| INVOKING Heroism.
 16257 | Lair:5   | 16257 ||| Stepping ~*~*~tactically~*~*~ (stealth).
 16349 | Lair:5   | 16349 ||| Stepping ~*~*~tactically~*~*~ (stealth).
 16354 | Lair:5   | 16354 ||| Stepping ~*~*~tactically~*~*~ (stealth).
 16368 | Lair:5   | 16368 ||| Stepping ~*~*~tactically~*~*~ (stealth).
 16437 | Lair:5   | 16437 ||| INVOKING Heroism.
 16439 | Lair:5   | Reached skill level 16 in Axes
 16498 | Lair:5   | 16498 ||| FLEEEEING.
 16502 | Lair:5   | 16502 ||| Stepping ~*~*~tactically~*~*~ (stealth).
 16639 | Lair:5   | Found a corrupted altar of Lugonu.
 16639 | Lair:5   | Found a one-way gate to the infinite horrors of the Abyss.
 16661 | Lair:5   | 16661 ||| Stepping ~*~*~tactically~*~*~ (stealth).
 16662 | Lair:5   | 16662 ||| Stepping ~*~*~tactically~*~*~ (stealth).
 16679 | Lair:5   | 16679 ||| Stepping ~*~*~tactically~*~*~ (hiding).
 16821 | Lair:5   | Reached skill level 3 in Dodging
 16822 | Lair:5   | Identified the +2 pair of boots of the Servitors {rN+
                  | Dex+6} (Okawaru gifted it to you on level 5 of the Lair of
                  | Beasts)
 16822 | Lair:5   | Received a gift from Okawaru
 16825 | Lair:5   | 16825 ||| INVOKING Finesse.
 16864 | Lair:5   | 16864 ||| FLEEEEING.
 16865 | Lair:5   | 16865 ||| FLEEEEING.
 16980 | Lair:5   | 16980 ||| Stepping ~*~*~tactically~*~*~ (stealth).
 17011 | Lair:5   | 17011 ||| Stepping ~*~*~tactically~*~*~ (hiding).
 17368 | Lair:5   | 17368 ||| PLANNING D
 17368 | Lair:5   | 17368 ||| UPGRADING to +1 pair of boots.
 17378 | Lair:5   | 17378 ||| DROPPING +0 pair of boots.
 17379 | Lair:5   | 17379 ||| DROPPING +0 chain mail "Vamefobono" {rPois
                  | Str+5}.
 17380 | Lair:5   | 17380 ||| UPGRADING to +2 pair of boots of the Servitors
                  | {rN+ Dex+6}.
 17390 | Lair:5   | 17390 ||| DROPPING +1 pair of boots.
 17582 | D:12     | 17582 ||| Stepping ~*~*~tactically~*~*~ (hiding).
 17583 | D:12     | 17583 ||| Stepping ~*~*~tactically~*~*~ (hiding).
 17610 | D:12     | 17610 ||| INVOKING Heroism.
 17617 | D:12     | Reached XP level 15. HP: 91/96 MP: 5/22
 17634 | D:12     | Found a staircase to the Orcish Mines.
 17648 | D:12     | 17648 ||| Stepping ~*~*~tactically~*~*~ (hiding).
 17773 | D:12     | 17773 ||| Stepping randomly (disturbance).
 18031 | D:12     | 18031 ||| Stepping ~*~*~tactically~*~*~ (hiding).
 18197 | D:12     | 18197 ||| Stepping ~*~*~tactically~*~*~ (hiding).
 18663 | D:13     | 18663 ||| PLANNING BAZAAR
 18712 | D:13     | 18712 ||| Stepping ~*~*~tactically~*~*~ (stealth).
 18769 | D:13     | 18769 ||| Stepping ~*~*~tactically~*~*~ (hiding).
 18771 | D:13     | 18771 ||| Stepping ~*~*~tactically~*~*~ (hiding).
 18893 | D:13     | Noticed Rupert
 18893 | D:13     | Noticed Nessos
 18894 | D:13     | 18894 ||| INVOKING Heroism.
 18895 | D:13     | Noticed Urug
 18897 | D:13     | Found a gate to the Vaults.
 18910 | D:13     | Killed Rupert
 18919 | D:13     | Reached skill level 17 in Axes
 18919 | D:13     | 18919 ||| INVOKING Finesse.
 18947 | D:13     | Killed Urug
 18956 | D:13     | 18956 ||| Stepping ~*~*~tactically~*~*~ (hiding).
 18961 | D:13     | Killed Nessos
 19277 | D:13     | 19277 ||| Stepping ~*~*~tactically~*~*~ (hiding).
 19279 | D:13     | 19279 ||| Stepping ~*~*~tactically~*~*~ (hiding).
 19294 | D:13     | Found a flickering gateway to a bazaar.
 19295 | D:13     | 19295 ||| UPGRADING to +2 chain mail of fire resistance.
 19313 | Bazaar   | Entered a bazaar
 19313 | Bazaar   | Found Dumugef's Jewellery Shoppe.
 19320 | Bazaar   | 19320 ||| BUYING amulet of faith (440 gold).
 19320 | Bazaar   | Bought an amulet of faith for 440 gold pieces
 19320 | Bazaar   | 19320 ||| BUYING ring of fire (275 gold).
 19320 | Bazaar   | Bought a ring of fire for 275 gold pieces
 19323 | Bazaar   | Found Mery's Antique Weapon Boutique.
 19334 | Bazaar   | Found Akalayq's Distillery.
 19335 | Bazaar   | Found Dozoruuv's General Store.
 19345 | Bazaar   | 19345 ||| BUYING 2 potions of curing (42 gold).
 19345 | Bazaar   | Bought 2 potions of curing for 42 gold pieces
 19345 | Bazaar   | 19345 ||| BUYING potion of curing (21 gold).
 19345 | Bazaar   | Bought a potion of curing for 21 gold pieces
 19345 | Bazaar   | 19345 ||| BUYING potion of curing (21 gold).
 19345 | Bazaar   | Bought a potion of curing for 21 gold pieces
 19345 | Bazaar   | 19345 ||| BUYING potion of haste (70 gold).
 19345 | Bazaar   | Bought a potion of haste for 70 gold pieces
 19345 | Bazaar   | 19345 ||| BUYING potion of heal wounds (35 gold).
 19345 | Bazaar   | Bought a potion of heal wounds for 35 gold pieces
 19345 | Bazaar   | 19345 ||| BUYING potion of mutation (56 gold).
 19345 | Bazaar   | Bought a potion of mutation for 56 gold pieces
 19353 | Bazaar   | 19353 ||| BUYING potion of curing (39 gold).
 19353 | Bazaar   | Bought a potion of curing for 39 gold pieces
 19353 | Bazaar   | 19353 ||| BUYING potion of curing (39 gold).
 19353 | Bazaar   | Bought a potion of curing for 39 gold pieces
 19353 | Bazaar   | 19353 ||| BUYING potion of curing (39 gold).
 19353 | Bazaar   | Bought a potion of curing for 39 gold pieces
 19353 | Bazaar   | 19353 ||| BUYING scroll of identify (26 gold).
 19353 | Bazaar   | Bought a scroll of identify for 26 gold pieces
 19356 | Bazaar   | Found Medoq's Antique Armour Boutique.
 19373 | Bazaar   | 19373 ||| UPGRADING to amulet of faith.
 19392 | D:13     | 19392 ||| PLANNING D
 19716 | D:14     | 19716 ||| INVOKING Heroism.
 19735 | D:14     | Reached skill level 3 in Throwing
 19769 | D:14     | 19769 ||| FLEEEEING.
 19770 | D:14     | 19770 ||| FLEEEEING.
 19771 | D:14     | 19771 ||| STAIRDANCE
 19854 | D:14     | 19854 ||| STAIRDANCE
 19856 | D:13     | 19856 ||| INVOKING Heroism.
 19857 | D:13     | 19857 ||| SWAPPING to -1 demon whip of venom.
 19862 | D:13     | 19862 ||| SWAPPING to +0 broad axe "Gegrot" {antimagic,
                  | Int+2}.
 19972 | D:14     | 19972 ||| STAIRDANCE
 20100 | D:14     | 20100 ||| Stepping ~*~*~tactically~*~*~ (hiding).
 20102 | D:14     | 20102 ||| Stepping ~*~*~tactically~*~*~ (hiding).
 20106 | D:14     | Noticed Azrael
 20107 | D:14     | 20107 ||| INVOKING Heroism.
 20128 | D:14     | 20128 ||| INVOKING Finesse.
 20133 | D:14     | Killed Azrael
 20496 | D:14     | Noticed Jorgrun
 20497 | D:14     | 20497 ||| Stepping ~*~*~tactically~*~*~ (hiding).
 20498 | D:14     | 20498 ||| INVOKING Heroism.
 20499 | D:14     | 20499 ||| INVOKING Finesse.
 20509 | D:14     | HP: 24/97 [skeletal warrior/+0 trident (18)]
 20510 | D:14     | 20510 ||| READING 5 scrolls of teleportation.
 20511 | D:14     | 20511 ||| DRINKING 2 potions of heal wounds.
 20512 | D:14     | 20512 ||| DRINKING potion of heal wounds.
 20564 | D:14     | HP: 24/97 [skeletal warrior/+0 vampiric short sword (11)]
 20565 | D:14     | 20565 ||| READING 4 scrolls of teleportation.
 20565 | D:14     | HP: 9/97 [skeletal warrior/+0 vampiric short sword (4)]
 20566 | D:14     | 20566 ||| INVOKING Heroism.
 20566 | D:14     | Slain by Jorgrun

Levels and vault maps discovered:
D:1:      dpeg_arrival_connections, layout_basic, serial_shops,
          nicolae_shop_bloodbath_and_beyond, shapermc_ecumenical_altar_acropolis
D:2:      kennysheep_big_flooded_room, layout_basic, minmay_crystal_room,
          chequers_serial_rivers_micro_e, serial_park_tiny_1,
          minmay_close_crescents
D:3:      layout_loops_ring, uniq_grinder
D:4:      layout_loops_ring, minmay_temple_entry_glassed_door, uniq_sigmund
D:5:      layout_rooms, hangedman_ru_absence, mainiacjoe_overflow_chevrons,
          biasface_ghost_orc_armoury
D:6:      layout_basic, nicolae_overflow_crystal_walls, serial_park_tiny_1,
          uniq_menkaure, uniq_eustachio
D:7:      layout_loops_ring, lightli_ossuary_entry_decrepit_ruins, serial_shops,
          nicolae_inconvenience_store, minivault_25, bh_walls_and_bars,
          uniq_joseph
D:8:      layout_gridville, mainiacjoe_overflow_surrounded_room,
          gammafunk_temple_overflow_elements, ebering_ghost_disaster_area,
          hangedman_abyss_or_decor_passed, uniq_grum
D:9:      layout_long_grid, kennysheep_little_box, onia_ninara_cookie
D:10:     nzn_winding_woodlands_three_and_one
          [nzn_winding_woodlands_5x15_crooked,
          nzn_winding_woodlands_5x15_sawtooth,
          nzn_winding_woodlands_5x15_garden,
          nzn_winding_woodlands_center_pierced_h], layout_irregular_city,
          gammafunk_ghost_cemetery, dk_noncrumbling_4, minmay_stone_trees_small,
          minivault_1
D:11:     layout_cave_pods, grunt_lair_entry_orc_guard_hut, serial_shops,
          nicolae_shop_window_shopping
D:12:     layout_stronghold, minmay_orc_entry_guard_dogs
D:13:     layout_irregular_city, david_vaults_3, serial_shops, bzr_entry_islet
D:14:     layout_long_grid, tso_altar, uniq_azrael, uniq_jorgrun
Temple:   nicolae_temple_superstar
Lair:1:   minmay_guarded_unrand_snakebite, layout_regular_city,
          serial_bayou_pond_e, grunt_forest_large_clearings
Lair:2:   layout_loops_ring, minmay_snake_entry_six_corridors,
          portal_ice_cave_entry_ice_simulacra, uniq_amaemon
Lair:3:   layout_regular_city, minmay_swamp_entry_wisps
Lair:4:   gammafunk_mikee_crab_dinner, layout_hall_layers,
          grunt_forest_small_clearings, uniq_nessos, uniq_sonja
Lair:5:   hellmonk_lair_end_abyssal_woods, layout_layer_cave, slime_entry_1,
          minmay_lair_drake_nest

Skill      XL: |  1  2  3  4  5  6  7  8  9 10 11 12 13 14 15 |
---------------+----------------------------------------------+-----
Axes           | 2 3 5 7 8 10 11 12 13 14 16 17 | 17.0
Fighting       | 4 6 7 8 9 10 11 12 | 12.7
Dodging        | 1 2 3 4 |  4.8
Armour         | 4 5 6 7 8 9 11 12 | 12.0
Invocations    | 1 4 7 10 | 10.0
Shields        | 4 5 6 7 8 |  8.1
Throwing       | 1 5 |  5.0

Action                     |  1- 3 |  4- 6 |  7- 9 | 10-12 | 13-15 || total
---------------------------+-------+-------+-------+-------+-------++-------
  Melee: War axe           |    92 |    70 |   270 |   443 |    59 ||   934
         Broad axe         |       |       |       |       |  1261 ||  1261
         Demon whip        |       |       |       |       |     7 ||     7
  Throw: Boomerang         |       |       |       |     5 |       ||     5
         Javelin           |       |       |       |       |    10 ||    10
 Invoke: Heroism           |       |       |     8 |    15 |    28 ||    51
         Finesse           |       |       |       |     2 |    10 ||    12
    Use: Scroll            |     1 |     7 |     8 |    10 |     4 ||    30
         Potion            |       |     2 |     3 |     1 |     2 ||     8
   Stab: Invisible         |       |       |       |       |    42 ||    42
 Armour: Scale mail        |    58 |       |       |       |       ||    58
         Chain mail        |       |    46 |   282 |   180 |    95 ||   603
         Plate armour      |       |       |       |   221 |   568 ||   789
  Dodge: Dodged            |    40 |    10 |   157 |   211 |   608 ||  1026
  Block: Buckler           |    17 |     7 |    77 |   265 |   587 ||   953
         Reflection        |       |       |       |     4 |    10 ||    14

Table legend:
 A = Non-vault XP
 B = Vault XP
 C = Vault XP percentage of total XP
 D = Non-vault monster count
 E = Vault monster count
 F = Vault count percentage of total count
                 A         B        C        D         E       F
            +---------+---------+-------+---------+---------+-------
      Total |   74369 |   41257 |  35.7 |     398 |     214 |  35.0
            +---------+---------+-------+---------+---------+-------
        D:1 |      23 |       0 |   0.0 |      14 |       0 |   0.0
        D:2 |      52 |       7 |  11.9 |      14 |       4 |  22.2
        D:3 |      21 |     267 |  92.7 |       9 |       1 |  10.0
        D:4 |     266 |     223 |  45.6 |      25 |       1 |   3.8
        D:5 |     476 |       0 |   0.0 |      18 |       0 |   0.0
        D:6 |     650 |     369 |  36.2 |      15 |       2 |  11.8
        D:7 |     705 |     445 |  38.7 |      16 |       1 |   5.9
        D:8 |    2250 |     537 |  19.3 |      21 |       4 |  16.0
        D:9 |     676 |    2821 |  80.7 |       6 |      15 |  71.4
       D:10 |    3329 |    5250 |  61.2 |      21 |      21 |  50.0
       D:11 |    3891 |     633 |  14.0 |      26 |       5 |  16.1
       D:12 |    6206 |     336 |   5.1 |      35 |       2 |   5.4
       D:13 |    5519 |    6982 |  55.9 |      16 |      20 |  55.6
       D:14 |    9150 |    1892 |  17.1 |      16 |       6 |  27.3
     Lair:1 |    7066 |    5155 |  42.2 |      25 |      38 |  60.3
     Lair:2 |    3987 |    3166 |  44.3 |      14 |      14 |  50.0
     Lair:3 |    9167 |     505 |   5.2 |      37 |       1 |   2.6
     Lair:4 |    5664 |     285 |   4.8 |      23 |       1 |   4.2
     Lair:5 |   15271 |   12164 |  44.3 |      47 |      39 |  45.3
    Ossuary |       0 |     220 | 100.0 |       0 |      39 | 100.0
            +---------+---------+-------+---------+---------+-------
